 Dungeon Crawl Stone Soup version 0.30-a0-136-gea98e250e0 (webtiles) character file.

Game seed: 17002335494898843439

735 Kinoniko the Carver (level 7, -8/52 HPs)
             Began as a Merfolk Berserker on Sept 21, 2022.
             Was a Believer of Trog.
             Mangled by Prince Ribbit (14 damage)
             ... on level 5 of the Dungeon.
             The game lasted 00:04:56 (6158 turns).

Kinoniko the Carver (Merfolk Berserker)             Turns: 6158, Time: 00:04:57

Health: -8/52      AC:  9    Str: 18    XL:     7   Next: 74%
Magic:  7/7        EV:  9    Int:  6    God:    Trog [**....]
Gold:   174        SH:  0    Dex: 15    Spells: 6/6 levels left

rFire   + + .      SeeInvis .    z - +0 long sword
rCold   + . .      Faith    .    y - +0 buckler
rNeg    . . .      Spirit   .    j - +0 chain mail
rPois   +          Reflect  .    q - +0 helmet
rElec   +          Harm     .    (no cloak)
rCorr   +          Rampage  .    (no gloves)
Will    .....                    (no boots)
Stlth   ..........               (no amulet)
HPRegen 0.17/turn                k - ring of protection from fire
MPRegen 0.10/turn                (no ring)

@: confused, mighty, brilliant, resistant, ambrosia-drunk, on berserk cooldown,
hasted and slowed, invisible
A: (nimble swimmer 2), mertail
a: Renounce Religion, Berserk, Trog's Hand


You were on level 5 of the Dungeon.
You worshipped Trog.
Trog was pleased with you.
You visited 1 branch of the dungeon, and saw 5 of its levels.

You collected 174 gold pieces.

Inventory:

Hand Weapons
 a - a +0 falchion
 z - a +0 long sword (weapon)
Missiles
 u - a throwing net (quivered)
Armour
 b - a +0 animal skin
 e - a +0 ring mail
 j - a +0 chain mail (worn)
 q - a +0 helmet (worn)
 y - a +0 buckler (worn)
Jewellery
 k - a ring of protection from fire (left hand)
 l - a ring of fire
Wands
 p - a wand of digging (4)
 v - a wand of paralysis (1)
Scrolls
 g - a scroll of identify
 n - a scroll of poison
 o - a scroll of enchant weapon
Potions
 c - a potion of berserk rage
 d - a potion of haste
 f - 2 potions of mutation
 i - a potion of curing {unknown}
 m - 2 potions of magic
 r - a potion of heal wounds {unknown}
 s - 2 potions of brilliance
 x - 2 potions of invisibility


   Skills:
 - Level 3.2 Fighting
 * Level 8.7 Long Blades
 - Level 1.3 Armour
 + Level 6.6 Dodging
 + Level 1.4 Shields


You had 6 spell levels left.
You didn't know any spells.
Your spell library was empty.

Dungeon Overview and Level Annotations

Branches:
Dungeon (5/15)             Temple (0/1) D:4

Altars:
Fedhas
Okawaru
Sif Muna
Trog
Vehumet

Annotations:
D:5 Prince Ribbit


Innate Abilities, Weirdness & Mutations

((You are very nimble when in or above water. (Stealth+, EV+, Speed+++)))
Your lower body shifts to a powerful aquatic tail in water.


Message History

Prince Ribbit blinks!
Prince Ribbit croaks regally.
Prince Ribbit blinks!
Unknown command.
You feel yourself speed up.
Prince Ribbit catches a centipede with his tongue.
It was a potion of magic.
Magic courses through your body.
It was a potion of brilliance.
You feel clever all of a sudden. Prince Ribbit hits you!
* * * LOW HITPOINT WARNING * * *
Prince Ribbit barely misses you.
Unknown command.
It was a potion of invisibility.
You fade into invisibility!
Prince Ribbit barely misses you.
Unknown command.
It was a potion of ambrosia.
You are confused.
You feel invigorated. Prince Ribbit barely misses you.
Prince Ribbit blinks!
Unknown command.
It was a potion of resistance.
You feel protected.
Unknown command.
It was a potion of might.
You feel very mighty all of a sudden.
Unknown command.
Unknown command.
Your magic is already full.
You bump into the rock wall.
Prince Ribbit hits you.
* * * LOW HITPOINT WARNING * * *
You bump into the rock wall.
Prince Ribbit hits you!
* * * LOW HITPOINT WARNING * * *
You bump into the closed door.
Prince Ribbit hits you!
* * * LOW HITPOINT WARNING * * *
Prince Ribbit hits you.
* * * LOW HITPOINT WARNING * * *
Unknown command.
You bump into the closed door.
Prince Ribbit hits you!
You die...

#.....#
#+###.####
# #....###
##
##.#...#
.# #+###.#
## #.# #
#.#


+F+ # #@# ## #.# .# #.# ## #.# # #.# +.# # #.# ## #.# .# ..# You could see
Prince Ribbit (unable to see you).

Vanquished Creatures
  Grinder (D:4)
  A black bear (D:5)
  An ogre (D:4)
  A scorpion (D:5)
  A howler monkey (D:5)
  3 iguanas
  Robin (D:3)
  A gnoll (D:1)
  5 adders
  A white imp (D:5)
  2 worms
  A dart slug (D:2)
  5 orcs
  4 ball pythons
  3 bats (D:1)
  5 endoplasms
  4 giant cockroaches
  13 hobgoblins
  6 quokkas
  5 frilled lizards
  17 goblins
  6 kobolds
  8 rats
95 creatures vanquished.

Vanquished Creatures (others)
  3 plants (D:5)
3 creatures vanquished.

Grand Total: 98 creatures vanquished

Notes
Turn   | Place    | Note
-------+----------+-------------------------------------------
     0 | D:1      | Kinoniko the Merfolk Berserker began the quest for the Orb.
     0 | D:1      | Reached XP level 1. HP: 18/18 MP: 1/1
     2 | D:1      | Noticed a vampire
     2 | D:1      | Noticed a naga
     4 | D:1      | Noticed a demonspawn
     4 | D:1      | Noticed a demigod
     6 | D:1      | Noticed a tengu
     6 | D:1      | Noticed a ghoul
     8 | D:1      | Noticed an octopode
     8 | D:1      | Noticed an ogre
    10 | D:1      | Noticed a gargoyle
    10 | D:1      | Noticed a troll
    12 | D:1      | Noticed an elf
    14 | D:1      | Noticed a minotaur
    14 | D:1      | Noticed a human
    16 | D:1      | Noticed a spriggan
    18 | D:1      | Noticed a palentonga
    20 | D:1      | Noticed a meteoran
    20 | D:1      | Noticed a draconian
    22 | D:1      | Noticed a formicid
    22 | D:1      | Noticed a vine stalker
    24 | D:1      | Noticed a merfolk
    24 | D:1      | Noticed a merfolk
    26 | D:1      | Noticed a formicid
   205 | D:1      | Reached skill level 4 in Long Blades
   476 | D:1      | Reached XP level 2. HP: 24/24 MP: 2/2
   752 | D:1      | Reached XP level 3. HP: 19/29 MP: 3/3
  1363 | D:2      | Found a faded altar of an unknown god.
  1576 | D:2      | Reached ** piety under Trog
  1722 | D:2      | Reached skill level 5 in Long Blades
  2157 | D:2      | Reached XP level 4. HP: 17/35 MP: 4/4
  2733 | D:3      | Noticed Robin
  2741 | D:3      | Killed Robin
  2742 | D:3      | Reached XP level 5. HP: 35/41 MP: 5/5
  2931 | D:3      | Reached skill level 6 in Long Blades
  3836 | D:3      | Found an iron altar of Okawaru.
  4092 | D:4      | Noticed Grinder
  4097 | D:4      | Paralysed by Grinder for 3 turns
  4113 | D:4      | Killed Grinder
  4114 | D:4      | Reached skill level 7 in Long Blades
  4114 | D:4      | Reached skill level 5 in Dodging
  4114 | D:4      | Reached XP level 6. HP: 27/47 MP: 6/6
  4221 | D:4      | Found a bloodstained altar of Trog.
  4715 | D:4      | Reached skill level 8 in Long Blades
  4715 | D:4      | Reached XP level 7. HP: 52/52 MP: 7/7
  5188 | D:4      | Found a staircase to the Ecumenical Temple.
  5445 | D:5      | Entered Level 5 of the Dungeon
  5514 | D:5      | Found a blossoming altar of Fedhas.
  5573 | D:5      | Found a shimmering blue altar of Sif Muna.
  5578 | D:5      | Found a radiant altar of Vehumet.
  5736 | D:5      | Reached skill level 1 in Shields
  6133 | D:5      | Noticed Prince Ribbit
  6150 | D:5      | HP: 2/52 [Prince Ribbit (11)]
  6157 | D:5      | HP: 2/52 [Prince Ribbit (1)]
  6158 | D:5      | Mangled by Prince Ribbit

Illustrated notes

Levels and vault maps discovered:
D:1:      kb_arrival_jail, layout_basic
D:2:      layout_loops_ring, nicolae_ecumenical_pavilion,
          corexii_item_surrounded_by_moat
D:3:      layout_basic, mainiacjoe_overflow_cross_hatched, uniq_robin
D:4:      layout_basic, trog_hazing_becter, minmay_temple_entry_fiery,
          minmay_hedge_maze, uniq_grinder
D:5:      layout_basic, nicolae_overflow_hidden_temple,
          mainiacjoe_overflow_boulevard, nicolae_hexahallways, minmay_puff,
          uniq_prince_ribbit1

Skill      XL: |  1  2  3  4  5  6  7 |
---------------+----------------------+-----
Long Blades    | 4 5 7 8 |  8.7
Dodging        | 3 4 5 6 |  6.6
Shields        | 1 |  1.4
Fighting       | |  3.2
Armour         | |  1.3

Action                   |  1- 3 |  4- 6 |  7- 9 || total
-------------------------+-------+-------+-------++-------
Melee: Falchion          |   128 |   157 |    29 ||   314
       Punch             |     1 |     5 |       ||     6
       Long sword        |       |       |    38 ||    38
Invok: Berserk           |     1 |     3 |     3 ||     7
  Use: Potion            |       |       |     7 ||     7
       Scroll            |       |       |     5 ||     5
Armor: Ring mail         |    29 |       |       ||    29
       Animal skin       |     2 |       |       ||     2
       Chain mail        |    12 |    63 |    33 ||   108
Dodge: Dodged            |    71 |    52 |    36 ||   159
Block: Buckler           |       |       |    11 ||    11

Table legend: (Time is in decaauts)
 A = Elapsed time spent in this place.
 B = Non-inter-level travel time spent in this place.
 C = Inter-level travel time spent in this place.
 D = Time resting spent in this place.
 E = Time spent auto-exploring this place.
 F = Levels seen in this place.
 G = Mean time per level.
                   A        B        C        D        E       F      G
               +--------+--------+--------+--------+--------+-----+--------+
         Total |   6219 |   6084 |    135 |    479 |   4780 |   5 | 1243.8 |
       Dungeon |   6219 |   6084 |    135 |    479 |   4780 |   5 | 1243.8 |
               +--------+--------+--------+--------+--------+-----+--------+

Top non-repeatable levels by time:
     D:4: 1447 daAuts
     D:1: 1381 daAuts
     D:3: 1333 daAuts
     D:2: 1331 daAuts
     D:5: 724 daAuts
